 Dungeon Crawl Stone Soup version 0.28-a0-863-g8cecda6153 (webtiles) character file.

Game seed: 13352291486369346578

480854 oldriver the Archmage (level 26, 0/198 HPs)
             Began as a Djinni Air Elementalist on Nov 12, 2021.
             Was the Champion of Makhleb.
             Slain by a vault guard (3 damage)
             ... on level 4 of the Vaults on Nov 17, 2021.
             The game lasted 05:40:05 (60318 turns).

oldriver the Archmage (Djinni Air Elementalist)    Turns: 60318, Time: 05:40:06

Health: 0/198      AC: 15    Str:  7      XL:     26   Next: 10%
Gold:   6180       EV: 22    Int: 34 (39) God:    Makhleb [******] SH: 15 Dex: 20

rFire   + + +      SeeInvis .   B - +4 dagger of Ignis's Outrage {freeze, Contam rC+ Dex+5}
rCold   + . .      Faith    .   E - +3 buckler {AC+3}
rNeg    + . .      Spirit   .   g - +2 robe of the Amoeba {rElec rF+ Will+ Regen+}
rPois   ∞          Reflect  +   I - +2 helmet
rElec   +          Harm     .   b - +2 cloak
rCorr   +          Rampage  .   a - +2 pair of gloves {Dex+3}
Will    ++++.      Rage     1%  (boots unavailable)
Stlth   ++++......              s - amulet of reflection
HPRegen 1.43/turn               J - ring "Agaitrikk" {rN+ rCorr Int+6}
MPRegen 0.00/turn               G - ring of Dusho {rC+ Will+ Int+4 Slay+5}

@: mighty, death channelling, flying, invisible
A: sickness immunity, fire resistance 2, cold vulnerability 1, float, innate
caster, hp casting, extra vitality 1, berserk 1, clumsy 1, deformed body,
electricity resistance
}: 2/15 runes: decaying, gossamer
a: Renounce Religion, Minor Destruction, Lesser Servant of Makhleb, Major
Destruction, Greater Servant of Makhleb


You were on level 4 of the Vaults.
You worshipped Makhleb.
Makhleb was exalted by your worship.
You visited 10 branches of the dungeon, and saw 49 of its levels.
You also visited: Ossuary and Wizlab.

You collected 8315 gold pieces.
You spent 2135 gold pieces at shops.

Inventory:

Hand Weapons
 w - the +9 falchion "Yvvyigg" {freeze, rN+}
   (You found it on level 5 of the Dungeon)

   It freezes those it strikes, dealing additional cold damage.
   It can also slow down cold-blooded creatures.
   rN:        It protects you from negative energy.
 B - the +4 dagger of Ignis's Outrage (weapon) {freeze, Contam rC+ Dex+5}
   (You found it on level 2 of the Vaults)

   It freezes those it strikes, dealing additional cold damage.
   It can also slow down cold-blooded creatures.
   Dex:       It affects your dexterity (+5).
   rC:        It protects you from cold.
   Contam:    It causes magical contamination when unequipped.
Missiles
 x - 3 throwing nets
Armour
 a - a +2 pair of gloves of dexterity (worn)
 b - a +2 cloak (worn)
 g - the +2 robe of the Amoeba (worn) {rElec rF+ Will+ Regen+}
   (You bought it in a shop on level 5 of the Dungeon)

   rF:        It protects you from fire.
   rElec:     It insulates you from electricity.
   Regen:     It increases your rate of health regeneration.
   Will:      It increases your willpower.
 E - a +3 buckler of protection (worn)
 I - a +2 helmet (worn)
Jewellery
 s - an amulet of reflection (around neck)
 G - the ring of Dusho (right hand) {rC+ Will+ Int+4 Slay+5}
   (You bought it in a shop on level 5 of the Dungeon)

   [ring of protection from cold]

   Int:       It affects your intelligence (+4).
   Slay:      It affects your accuracy & damage with ranged weapons and melee
   (+5).
   rC:        It protects you from cold.
   Will:      It increases your willpower.
 J - the ring "Agaitrikk" (left hand) {rN+ rCorr Int+6}
   (You bought it in a shop on level 5 of the Dungeon)

   [ring of intelligence]

   Int:       It affects your intelligence (+6).
   rN:        It protects you from negative energy.
   rCorr:     It protects you from acid and corrosion.
 M - the ring "Hiqax" {Fly rC+ Slay+2}
   (You found it on level 2 of the Depths)

   [ring of flight]

   Slay:      It affects your accuracy & damage with ranged weapons and melee
   (+2).
   rC:        It protects you from cold.
   Fly:       It grants you flight.
 Q - the ring of Ifui {Drain rC++ rCorr Dex+2}
   (You found it on level 2 of the Depths)

   [ring of resist corrosion]

   Dex:       It affects your dexterity (+2).
   rC:        It greatly protects you from cold.
   rCorr:     It protects you from acid and corrosion.
   Drain:     It drains your maximum health when unequipped.
 V - the ring "Efedeits" {Str+6 Int+7}
   (You found it on level 3 of the Elven Halls)

   [ring of strength]

   Str:       It affects your strength (+6).
   Int:       It affects your intelligence (+7).
Wands
 j - a wand of mindburst (16)
 k - a wand of paralysis (31)
 u - a wand of flame (93)
 z - a wand of charming (10)
 A - a wand of digging (14)
 C - a wand of iceblast (58)
 K - a wand of polymorph (39)
Scrolls
 e - 6 scrolls of magic mapping
 h - 2 scrolls of blinking
 i - 9 scrolls of teleportation
 l - 4 scrolls of brand weapon
 o - 6 scrolls of enchant weapon
 r - 11 scrolls of immolation
 y - 23 scrolls of identify
 L - 2 scrolls of summoning
 O - 4 scrolls of fog
 P - 4 scrolls of enchant armour
 R - a scroll of holy word
 S - 3 scrolls of fear
Potions
 c - 7 potions of haste
 d - 4 potions of lignification
 f - 30 potions of curing
 m - 5 potions of heal wounds
 p - 7 potions of brilliance
 q - 2 potions of invisibility
 t - 6 potions of might
 v - 2 potions of cancellation
 D - a potion of resistance
 F - 3 potions of berserk rage
 H - 8 potions of ambrosia
Miscellaneous
 n - a piece from Xom's chessboard (15/15)


   Skills:
 * Level 19.4 Fighting
 - Level 1.4 Long Blades
 - Level 0.1 Staves
 - Level 0.1 Throwing
 + Level 14.5 Dodging
 + Level 7.9 Stealth
 + Level 8.5 Shields
 O Level 27 Spellcasting
 + Level 1.8 Evocations


You had 7 spell levels left.
You knew the following spells:

 Your Spells              Type           Power      Damage    Failure   Level
a - Shock                 Conj/Air       100%       1d9       0%          1
b - Static Discharge      Conj/Air       100%       N/A       0%          2
c - Swiftness             Air            100%       N/A       0%          3
d - Airstrike             Air            62%        N/A       0%          4
e - Slow                  Hex            100%       N/A       0%          1
f - Ensorcelled Hibernat  Hex/Ice        100%       N/A       0%          2
g - Portal Projectile     Hex/Tloc       100%       N/A       0%          3
h - Summon Ice Beast      Ice/Summ       100%       N/A       0%          4
i - Silence               Hex/Air        62%        N/A       0%          5
j - Agony                 Necr           100%       N/A       0%          5
k - Death Channel         Necr           62%        N/A       0%          6
l - Summon Hydra          Summ           62%        N/A       0%          7
m - Iron Shot             Conj/Erth      62%        9d12      0%          6
n - Summon Horrible Thin  Summ           62%        N/A       1%          8
o - Storm Form            Tmut/Air       62%        N/A       0%          7
p - Borgnjor's Revivific  Necr           62%        N/A       1%          8
Your spell library was empty.

Dungeon Overview and Level Annotations

Branches:
Dungeon (15/15)            Temple (1/1) D:4            Lair (6/6) D:10
  Swamp (4/4) Lair:3       Spider (4/4) Lair:2        Slime (5/5) Lair:6
    Orc (2/2) D:12            Elf (3/3) Orc:2        Vaults (5/5) D:14
  Crypt (0/3) Vaults:2     Depths (4/4) D:15            Zot (0/5) Depths:4
Ossuary (visited)          WizLab (visited)

Altars:
Ashenzari
Cheibriados
Dithmenos
Elyvilon
Fedhas
Gozag
Hepliaklqana
Kikubaaqudgha
Makhleb
Nemelex Xobeh
Okawaru
Qazlal
Ru
Sif Muna
Trog
Uskayaw
Vehumet
Wu Jian
Xom
Yredelemnul
Zin
The Shining One
Beogh
Jiyva

Shops:
D:3 :   D:5 ==[   D:8 ?   D:11 (   Orc:1 [(   Orc:2 (=((?   Vaults:4 ([(

Portals:
Hell: Depths:1 Depths:2 Depths:3 Depths:4
Abyss: Depths:3 Depths:4
Pandemonium: Depths:2
Ziggurat: Depths:1
Trove: D:15 (give +3 shadow dragon scales)

Annotations:
D:12 2 transporters
Lair:6 2 runed translucent doors
Slime:5 Royal Jelly
Vaults:3 Mara


Innate Abilities, Weirdness & Mutations

You are immune to sickness and miasma.
You are immune to poison.
Your flesh is very heat resistant. (rF++)
You are vulnerable to cold. (rC-)
You float through the air rather than walking.
You learn spells naturally, not from books.
Your magical power is your life essence.
You have superior vitality. (+4 HP)
You tend to lose your temper in combat.
You are clumsy. (Dex -2)
Armour fits poorly on your strangely shaped body.
You are resistant to electric shocks. (rElec)


Message History

The vault guard is moderately wounded.
The lightning grounds out.
The vault guard is struck by an arc of lightning!
The vault guard is almost dead.
The vault guard is struck by an arc of lightning.
The vault guard is heavily wounded.
The vault guard is struck by an arc of lightning.
The vault guard is moderately wounded.
The lightning grounds out.
The vault guard is struck by an arc of lightning!
The vault guard is severely wounded.
The vault guard is struck by an arc of lightning!
The vault guard is moderately wounded.
The vault guard is struck by an arc of lightning.
The vault guard is almost dead.
You resist.
You are struck by an arc of lightning.
The vault guard is struck by an arc of lightning.
The vault guard is severely wounded.
The lightning grounds out.
The vault guard is struck by an arc of lightning.
The vault guard is heavily wounded.
You resist.
You are struck by an arc of lightning.
* * * LOW HITPOINT WARNING * * *
The vault guard is struck by an arc of lightning!
The vault guard is moderately wounded.
The lightning grounds out.
* * * LOW HITPOINT WARNING * * *
You block the vault guard's attack.
The vault guard hits you with a +0 great sword!
* * * LOW HITPOINT WARNING * * *
The vault guard hits you with a +0 long sword.
* * * LOW HITPOINT WARNING * * *
The vault guard hits you with a +0 long sword!
* * * LOW HITPOINT WARNING * * *
You block the vault guard's attack.
The vault guard hits you with a +0 great mace.
* * * LOW HITPOINT WARNING * * *
You block the vault guard's attack.
The vault guard hits you with a +0 war axe.
You die...

####### #.#..'...
##'###### #.#..#...
#.#..#.8. #####'...
#.#..#...
#############.#..#...
###
#<.ppp......#.#..#...
..#
#..p@p.=....##'###...
..#
#..ppp......#÷#..#.8.
..#
#...........#.#..#...
[.#
#...........##'######
..#
#.........?.#.#..#..|
..#
#########'#'####'####
..# #.......'.!....#
..# #...<...'......#
''#####
#.......#......#


You could see 8 vault guards.

Vanquished Creatures
  A juggernaut (Depths:2)
  2 caustic shrikes
  Arachne (Spider:3)
  A golden dragon (Depths:3)
  A tentacled monstrosity (Depths:2)
  Jorgrun (D:12)
  A lich (Depths:2)
  2 deep elf master archers (Elf:3)
  2 titans (Depths:3)
  14 acid blobs
  2 walking frostbound tomes (Depths:3)
  A walking divine tome (Depths:1)
  2 sphinxes
  A tengu reaver (Depths:2)
  A storm dragon (Depths:4)
  Donald (Elf:1)
  2 fenstrider witches
  The ghost of BobbyCarnage the Cleaver, an adept DsGl of Qazlal (Swamp:2)
  A draconian monk (Depths:4)
  13 rockslimes
  A draconian knight (WizLab)
  3 fire giants
  3 vault wardens
  9 azure jellies
  A ghost moth (Spider:3)
  3 deep elf sorcerers
  Louise (D:15)
  3 frost giants
  2 orc warlords
  3 emperor scorpions
  7 ironbound preservers
  2 deep elf elementalists (Elf:3)
  7 quicksilver oozes
  A draconian annihilator (Depths:4)
  3 spriggan defenders
  3 stone giants
  11 very ugly things
  3 bunyips
  6 deep elf annihilators
  2 green draconians (Depths:4)
  4 deep elf demonologists
  7 purple draconians (WizLab)
  8 statues (WizLab)
  An entropy weaver (Vaults:4)
  5 dire elephants
  2 spark wasps
  7 ettins
  An eleionoma (Swamp:4)
  3 deep elf death magi (Elf:3)
  8 great orbs of eyes
  10 fire dragons
  7 yaktaur captains
  A deep elf high priest (Depths:2)
  15 hydras
  2 peacekeepers (Vaults:3)
  7 vault guards
  2 ice dragons
  A ghost crab (Swamp:1)
  Erolcha (D:13)
  2 rakshasas
  3 catoblepae
  2 ironbound frosthearts (Vaults:3)
  2 ogre magi (Orc:2)
  An anaconda (shapeshifter) (Depths:4)
  4 boulder beetles
  A death knight (Vaults:2)
  6 alligators
  2 two-headed ogres
  2 deep troll shamans
  3 spriggan air magi
  11 dancing weapons
  8 centaur warriors
  4 death yaks (Lair:6)
  4 tengu warriors
  4 death scarabs (Spider:4)
  3 deep troll earth magi
  2 hell knights (Depths:1)
  6 deep elf knights
  6 spriggan berserkers
  Nergalle (D:11)
  2 vampire magi (Depths:2)
  A fire crab (shapeshifter) (Elf:2)
  16 deep trolls
  3 goliath frogs
  4 bog bodies
  8 glowing orange brains
  2 flayed ghosts (Depths:4)
  4 swamp dragons
  A death drake (Swamp:2)
  Pikel (D:7)
  A spriggan druid (Swamp:3)
  5 deep elf archers
  11 wizards
  8 ironbound convokers
  3 harpies
  A shadow dragon zombie (Depths:3)
  5 lindwurms
  2 wolf spider zombies (Spider:4)
  16 deep elf zephyrmancers
  2 spectral wolf spiders (Spider:4)
  7 necromancers
  9 orb spiders
  5 wolf spiders
  13 orc sorcerers
  17 deep elf pyromancers
  A mana viper (shapeshifter) (Depths:1)
  23 ugly things
  6 shining eyes
  3 orc knights
  A cyclops (D:11)
  3 will-o-the-wisps
  A salamander (shapeshifter) (Elf:1)
  A moth of wrath (shapeshifter) (Elf:2)
  3 moths of wrath (Spider:4)
  4 elephants (Lair:4)
  6 manticores
  3 vault sentinels
  3 black mambas
  3 molten gargoyles (Lair:6)
  9 cane toads
  A gargoyle (D:10)
  3 unseen horrors
  An orange demon (Elf:2)
  2 rime drakes
  A redback zombie (Spider:4)
  A rime drake (shapeshifter) (D:14)
  6 komodo dragons
  Psyche (D:11)
  3 yaktaurs
  An entropy weaver simulacrum (Elf:1)
  An anaconda simulacrum (Elf:1)
  17 tengu conjurers
  8 demonic crawlers
  15 jumping spiders
  A meliai (D:11)
  A queen bee (Lair:3)
  2 bloated husks
  3 polar bears
  A troll (shapeshifter) (Elf:3)
  3 trolls
  3 tyrant leeches
  7 hornets
  38 slime creatures
  12 blink frogs
  A spectral tarantella (Spider:4)
  A tarantella zombie (Spider:4)
  A dream sheep (Lair:6)
  A redback (shapeshifter) (Elf:1)
  5 spriggans
  A spriggan simulacrum (Elf:1)
  2 air elementals
  41 redbacks
  2 water elementals (Elf:2)
  18 tarantellas
  A wraith (D:11)
  12 wyverns
  8 basilisks
  39 yaks
  A dire elephant simulacrum (Elf:1)
  2 fire elementals (Elf:1)
  12 golden eyes
  A steam dragon (D:6)
  11 swamp worms
  3 vampire mosquitoes (Swamp:1)
  A swamp worm (shapeshifter) (Elf:2)
  2 wargs
  An acid dragon (D:9)
  25 water moccasins
  3 hell hounds
  A floating eye (Depths:1)
  5 swamp drakes
  17 orc warriors
  A sky beast (D:7)
  A necrophage (D:6)
  14 centaurs
  18 wolves
  9 ogres
  4 boggarts
  3 phantoms
  3 lemures (D:7)
  2 elf zombies (Ossuary)
  A kobold brigand (D:9)
  A gnoll sergeant (D:10)
  4 scorpions
  8 bullfrogs
  2 water moccasin zombies (D:6)
  A deep troll simulacrum (Elf:1)
  A wyvern zombie (D:6)
  29 killer bees
  A lindwurm simulacrum (Elf:1)
  An electric eel (Lair:4)
  2 vampire bats (Lair:1)
  3 wights (D:7)
  5 howler monkeys
  5 lava snakes (Lair:6)
  4 centaur zombies
  A hound (D:6)
  A jelly (D:4)
  11 orc priests
  6 bullfrog skeletons
  3 bullfrog zombies (D:6)
  3 gnoll shamans
  A centaur skeleton (D:5)
  4 iguanas
  29 orc wizards
  A killer bee zombie (D:6)
  2 hound zombies (Ossuary)
  A hound skeleton (D:5)
  A mummy (Ossuary)
  A howler monkey zombie (D:9)
  A howler monkey skeleton (D:4)
  3 adders
  20 gnolls
  A shadow imp (D:7)
  A white imp (D:6)
  An adder skeleton (D:5)
  3 adder zombies (Ossuary)
  2 worms
  3 dart slugs
  57 orcs
  6 endoplasms
  7 giant cockroaches
  A goblin (D:3)
  4 hobgoblins
  5 quokkas
  8 ball pythons
  11 bats
  5 frilled lizards
  2 gnoll zombies (Ossuary)
  5 goblin zombies (Ossuary)
  3 hobgoblin zombies (Ossuary)
  3 jackal zombies (Ossuary)
  9 kobolds
  2 kobold zombies (Ossuary)
  An orc zombie (Ossuary)
  4 quokka zombies (Ossuary)
  6 rats
  4 rat zombies (Ossuary)
  A spectral orc (D:6)
1228 creatures vanquished.

Vanquished Creatures (collateral kills)
  Margery (Depths:3)
  2 tentacled monstrosities
  Asterion (Depths:2)
  2 deep elf blademasters (Elf:3)
  2 titans (Depths:2)
  A quicksilver dragon (Depths:2)
  Gastronok (D:8)
  Frances (Elf:1)
  11 acid blobs
  An eldritch tentacle (Depths:3)
  2 tengu reavers
  3 sphinxes
  4 storm dragons
  A fenstrider witch (Swamp:3)
  6 rockslimes
  7 azure jellies
  An iron dragon (Depths:4)
  An azure jelly (shapeshifter) (Depths:2)
  4 deep elf sorcerers
  4 fire giants
  3 ghost moths (Spider:4)
  5 frost giants
  3 vault wardens
  Aizul (Elf:1)
  5 deep elf elementalists
  5 emperor scorpions
  A juggernaut zombie (Depths:2)
  6 quicksilver oozes
  7 ironbound preservers
  A war gargoyle (Vaults:3)
  6 very ugly things
  9 stone giants
  A deep elf annihilator (Elf:3)
  A yellow draconian (Depths:4)
  A bunyip (Swamp:2)
  2 vampire knights (Depths:2)
  A deep elf demonologist (Elf:3)
  5 spark wasps
  2 red draconians (Depths:4)
  A black draconian (Depths:4)
  2 purple draconians (WizLab)
  7 dire elephants
  An eleionoma (Swamp:4)
  A statue (WizLab)
  3 ettins (Depths:1)
  5 yaktaur captains
  2 crystal guardians (Vaults:3)
  6 deep elf death magi (Elf:3)
  5 fire dragons
  2 jiangshi (Depths:2)
  7 ironbound thunderhulks
  2 deep elf high priests
  A rakshasa (Depths:1)
  9 vault guards
  20 hydras
  A hell beast (Elf:1)
  The ghost of mumon the Cleaver, a journeyman GnCA of Ignis (D:11)
  4 ice dragons
  3 peacekeepers
  The ghost of ytrimaz the Basher, a novice OgBe of Trog (D:9)
  14 great orbs of eyes
  An ogre mage (Orc:2)
  A spriggan air mage (Swamp:3)
  A ghost crab (Swamp:3)
  3 boulder beetles
  3 ironbound frosthearts
  4 alligators
  A two-headed ogre (D:11)
  4 centaur warriors
  4 deep troll shamans
  4 death scarabs (Spider:4)
  7 deep troll earth magi
  4 dancing weapons
  A death knight (Vaults:2)
  A death yak (Lair:6)
  2 tengu warriors
  3 spriggan berserkers
  An orc high priest (Elf:2)
  8 hell knights
  4 deep elf knights
  A sun demon (Depths:1)
  4 iron trolls
  A goliath frog (Swamp:3)
  7 bog bodies
  2 flayed ghosts (Depths:2)
  5 glowing orange brains
  2 deep elf archers
  2 tengu zombies
  A spriggan druid (Swamp:3)
  6 wizards
  19 deep trolls
  2 spectral wolf spiders (Spider:4)
  5 harpies
  6 necromancers
  3 lindwurms (Vaults:3)
  14 swamp dragons
  9 ironbound convokers
  A stone giant zombie (Vaults:2)
  2 orb spiders (Spider:4)
  29 ugly things
  6 shining eyes
  5 wolf spiders
  8 deep elf pyromancers
  5 deep elf zephyrmancers
  4 manticores
  A moth of wrath (Spider:4)
  A cyclops (D:15)
  A black mamba (Lair:6)
  2 orange demons (Elf:2)
  A human zombie (Vaults:2)
  9 vault sentinels
  2 eyes of devastation
  A spriggan skeleton (Depths:3)
  3 cane toads
  A komodo dragon (Lair:6)
  4 spectral redbacks (Spider:4)
  5 yaktaurs
  5 tengu conjurers
  An anaconda simulacrum (Elf:1)
  5 demonic crawlers
  An efreet (D:14)
  2 bloated husks
  11 jumping spiders
  2 tyrant leeches
  3 trolls
  4 spectral jumping spiders (Spider:4)
  8 hornets
  A spectral tarantella (Spider:4)
  64 slime creatures
  2 tarantella zombies (Spider:4)
  3 jumping spider zombies (Spider:4)
  6 blink frogs
  5 dream sheep (Lair:6)
  22 redbacks
  11 tarantellas
  8 spriggans
  A wyvern (Lair:6)
  A spriggan simulacrum (Elf:1)
  5 basilisks
  22 yaks
  3 hogs (Swamp:4)
  A yaktaur simulacrum (Vaults:2)
  3 vampire mosquitoes (D:12)
  A steam dragon (Lair:6)
  2 wargs
  5 hell hounds
  An acid dragon (D:13)
  2 swamp worms
  A water moccasin (Lair:4)
  2 swamp drakes (Swamp:4)
  6 orc warriors
  A black bear (D:10)
  A wolf (Lair:3)
  An ogre (Orc:2)
  2 boggarts (D:14)
  2 centaurs
  A kobold brigand (D:10)
  2 bullfrogs
  2 scorpions (Elf:2)
  4 killer bees
  A wight (Vaults:2)
  A howler monkey (D:13)
  An orc priest (Orc:1)
  5 orc wizards (Orc:2)
  2 hound zombies (Ossuary)
  2 mummies (Ossuary)
  5 orcs
  A goblin (D:13)
  A jackal zombie (Ossuary)
  An orc zombie (Ossuary)
  A bush (Swamp:4)
  A fungus (Swamp:4)
714 creatures vanquished.

Vanquished Creatures (others)
  Kirke (Swamp:4)
  A vampire knight (Depths:3)
  A bunyip (Swamp:2)
  A hydra (Swamp:3)
  A bog body (Swamp:4)
  An ugly thing (Depths:2)
  An orange demon (Elf:2)
  7 bloated husks
  2 hogs (Swamp:4)
  A human (Swamp:4)
  A swamp worm (Swamp:2)
  A swamp drake (Swamp:4)
  An orc priest (Orc:1)
  4 foxfires
  44 fungi
  68 plants
  8 withered plants
144 creatures vanquished.

Grand Total: 2086 creatures vanquished

Notes
Turn   | Place    | Note
-------+----------+-------------------------------------------
     0 | D:1      | oldriver the Djinni Air Elementalist began the quest for
                  | the Orb.
     0 | D:1      | Reached XP level 1. HP: 15/15 MP: 0/0
   175 | D:1      | Reached XP level 2. HP: 13/21 MP: 0/0
   907 | D:1      | Reached skill level 3 in Spellcasting
  1035 | D:1      | Found a faded altar of an unknown god.
  1159 | D:2      | Reached XP level 3. HP: 25/26 MP: 0/0
  1159 | D:2      | Learned a level 1 spell: Slow
  1632 | D:2      | Reached skill level 1 in Fighting
  1632 | D:2      | Reached XP level 4. HP: 18/32 MP: 0/0
  2077 | D:3      | Reached XP level 5. HP: 37/37 MP: 0/0
  2077 | D:3      | Learned a level 2 spell: Ensorcelled Hibernation
  2483 | D:3      | Noticed a phantom
  2500 | D:3      | Killed a phantom
  2501 | D:3      | Reached skill level 4 in Spellcasting
  2501 | D:3      | Reached XP level 6. HP: 15/42 MP: 0/0
  2913 | D:3      | Found Ynupae Pett's Book Boutique.
  3608 | D:4      | Reached skill level 5 in Spellcasting
  3802 | D:4      | Found a staircase to the Ecumenical Temple.
  3809 | Temple   | Entered the Ecumenical Temple
  3917 | D:4      | Reached XP level 7. HP: 48/49 MP: 0/0
  3917 | D:4      | Learned a level 3 spell: Portal Projectile
  4403 | D:4      | Found a burning altar of Makhleb.
  4404 | D:4      | Found an ornate altar of the Wu Jian Council.
  4462 | D:4      | Found a hazy altar of Hepliaklqana.
  4526 | D:5      | Entered Level 5 of the Dungeon
  4664 | D:5      | Identified the +9 falchion "Yvvyigg" {freeze, rN+}
  4706 | D:5      | Found Jicotz Egoe's Jewellery Emporium.
  4968 | D:5      | Found Xyuj's Jewellery Boutique.
  5105 | D:5      | Reached skill level 6 in Spellcasting
  5105 | D:5      | Reached XP level 8. HP: 10/55 MP: 0/0
  5358 | D:5      | Found Wadghoimo's Antique Armour Shop.
  5366 | D:5      | Bought a thick robe for 114 gold pieces
  5366 | D:5      | Identified the +2 robe of the Amoeba {rElec rF+ Will+
                  | Regen+} (You bought it in a shop on level 5 of the Dungeon)
  6036 | D:4      | Became a worshipper of Makhleb the Destroyer
  6214 | D:6      | Reached skill level 7 in Spellcasting
  6236 | D:6      | Found a basalt altar of Yredelemnul.
  6329 | D:6      | Found a sacrificial altar of Ru.
  6330 | D:6      | Found an iron altar of Okawaru.
  6332 | D:6      | Noticed a yak
  6429 | D:6      | Killed a yak
  6430 | D:6      | Reached XP level 9. HP: 51/62 MP: 0/0
  6430 | D:6      | Learned a level 4 spell: Summon Ice Beast
  6724 | D:6      | Reached skill level 8 in Spellcasting
  7369 | D:7      | Noticed Pikel
  7393 | D:7      | Killed Pikel
  7394 | D:7      | Reached skill level 5 in Fighting
  7424 | D:7      | Reached skill level 9 in Spellcasting
  7522 | D:7      | Reached XP level 10. HP: 61/70 MP: 0/0
  7577 | D:7      | Found a blossoming altar of Fedhas.
  7628 | D:7      | Found an opulent altar of Gozag.
  7696 | D:7      | Reached * piety under Makhleb
  8040 | D:8      | Noticed a two-headed ogre
  8053 | D:8      | Killed a two-headed ogre
  8054 | D:8      | Reached skill level 10 in Spellcasting
  8097 | D:8      | Found Hanoaduq's Magic Scroll Shoppe.
  8123 | D:8      | Found a sand-covered staircase.
  8132 | Ossuary  | Entered an ossuary
  8300 | Ossuary  | Reached ** piety under Makhleb
  8528 | D:8      | Noticed Gastronok
  8539 | D:8      | Killed Gastronok
  8540 | D:8      | Reached skill level 11 in Spellcasting
  8540 | D:8      | Reached XP level 11. HP: 25/76 MP: 0/0
  8540 | D:8      | Learned a level 5 spell: Silence
  9456 | D:9      | Reached *** piety under Makhleb
  9590 | D:9      | Found a runed translucent door.
  9591 | D:9      | Noticed a boulder beetle
  9594 | D:9      | Noticed ytrimaz's ghost (novice OgBe)
  9758 | D:10     | Entered Level 10 of the Dungeon
  9890 | D:10     | Reached skill level 12 in Spellcasting
  9939 | D:10     | Found a staircase to the Lair.
 10215 | D:10     | Found a broken altar of Ashenzari.
 10591 | D:11     | Noticed a two-headed ogre
 10596 | D:11     | Killed a two-headed ogre
 10676 | D:11     | Found a runed translucent door.
 10676 | D:11     | Noticed mumon's ghost (journeyman GnCA)
 10685 | D:11     | Reached **** piety under Makhleb
 10776 | D:11     | Noticed a centaur warrior
 10784 | D:11     | Killed a centaur warrior
 10785 | D:11     | Reached skill level 13 in Spellcasting
 10785 | D:11     | Reached XP level 12. HP: 46/84 MP: 0/0
 10876 | D:11     | Found a faded altar of an unknown god.
 10988 | D:11     | Noticed a six-headed hydra
 10990 | D:11     | Noticed Psyche
 10992 | D:11     | Noticed Nergalle
 11060 | D:11     | Found Sitwaoh's Weapon Shop.
 11062 | D:11     | Noticed a fire dragon
 11064 | D:11     | Noticed a centaur warrior
 11162 | Lair:1   | Entered Level 1 of the Lair of Beasts
 11992 | Lair:2   | Noticed a six-headed hydra
 12200 | Lair:2   | Reached skill level 14 in Spellcasting
 12297 | Lair:2   | Found a hole to the Spider Nest.
 12449 | Lair:2   | Noticed an eight-headed hydra
 12481 | Lair:2   | Killed an eight-headed hydra
 12565 | Lair:2   | Killed a six-headed hydra
 12883 | D:5      | Bought the ring of Dusho {rC+ Will+ Int+4 Slay+5} for 737
                  | gold pieces
 13096 | Lair:3   | Noticed a four-headed hydra
 13101 | Lair:3   | Killed a four-headed hydra
 13102 | Lair:3   | Reached XP level 13. HP: 90/90 MP: 0/0
 13102 | Lair:3   | Learned a level 5 spell: Agony
 13103 | Lair:3   | Noticed a seven-headed hydra
 13172 | Lair:3   | Noticed a six-headed hydra
 13178 | Lair:3   | Killed a six-headed hydra
 13239 | Lair:3   | Noticed a six-headed hydra
 13244 | Lair:3   | Killed a six-headed hydra
 13260 | Lair:3   | Reached ***** piety under Makhleb
 13281 | Lair:3   | Killed a seven-headed hydra
 13386 | Lair:3   | Reached skill level 15 in Spellcasting
 13578 | Lair:3   | Found a staircase to the Swamp.
 13717 | Lair:3   | Reached skill level 1 in Shields
 14181 | D:11     | Killed a fire dragon
 14185 | D:11     | Killed a centaur warrior
 14248 | D:11     | Killed a six-headed hydra
 14364 | D:11     | Killed Nergalle
 14403 | D:11     | Noticed an ettin
 14439 | D:11     | Noticed a centaur warrior
 14444 | D:11     | Killed a centaur warrior
 14498 | D:11     | Killed an ettin
 14594 | D:11     | Reached skill level 16 in Spellcasting
 14883 | D:12     | Found a staircase to the Orcish Mines.
 15107 | D:12     | Identified the -5 helmet of Grace {rN+ Dex+4 Stlth+}
 15139 | D:12     | Reached XP level 14. HP: 93/99 MP: 0/0
 15570 | D:12     | Noticed Jorgrun
 15582 | D:12     | Killed Jorgrun
 15774 | D:12     | Found a transporter.
 15776 | D:12     | Found a transporter.
 16077 | Orc:1    | Entered Level 1 of the Orcish Mines
 16184 | Spider:1 | Entered Level 1 of the Spider Nest
 16213 | Spider:1 | Noticed an emperor scorpion
 17356 | Lair:5   | Reached skill level 17 in Spellcasting
 17747 | Lair:5   | Reached ****** piety under Makhleb
 18626 | D:5      | Bought a pair of runed gloves for 150 gold pieces
 18801 | Lair:6   | Entered Level 6 of the Lair of Beasts
 18938 | Lair:6   | Reached XP level 15. HP: 96/105 MP: 0/0
 18938 | Lair:6   | Learned a level 6 spell: Death Channel
 19258 | Lair:6   | Reached skill level 18 in Spellcasting
 19344 | Lair:6   | Found a large runed translucent door.
 19344 | Lair:6   | Found a large runed translucent door.
 19601 | Lair:6   | Found a viscous altar of Jiyva.
 19602 | Lair:6   | Found a staircase to the Slime Pits.
 20243 | Orc:1    | Found Lof Rur's Weapon Boutique.
 20432 | Orc:1    | Noticed an orc warlord
 20450 | Orc:1    | Killed an orc warlord
 20533 | Orc:1    | Found Eriplosch's Antique Armour Emporium.
 20780 | Orc:1    | You are sucked into a shaft and drop 1 floor!
 20780 | Orc:2    | Entered Level 2 of the Orcish Mines
 20780 | Orc:2    | Noticed an orc warlord
 20961 | Orc:2    | Found a staircase to the Elven Halls.
 21105 | Orc:2    | Found Wuyc's Weapon Emporium.
 21266 | Orc:2    | Killed an orc warlord
 21291 | Orc:2    | Reached skill level 19 in Spellcasting
 21446 | Orc:2    | Found Qiulatz's Jewellery Shop.
 21494 | Orc:2    | Reached XP level 16. HP: 80/113 MP: 0/0
 21512 | Orc:2    | Reached skill level 10 in Fighting
 21620 | Orc:2    | Found Xayraem's Antique Weapon Boutique.
 21645 | Orc:2    | Found Ytan Na Roc's Magic Scroll Shop.
 21730 | Orc:2    | Found Myoplile's Antique Weapon Boutique.
 21992 | Elf:1    | Entered Level 1 of the Elven Halls
 21992 | Elf:1    | Noticed Donald
 22329 | Slime:1  | Entered Level 1 of the Pits of Slime
 22329 | Slime:1  | Noticed an acid blob
 22575 | D:11     | Killed Psyche
 22676 | Swamp:1  | Entered Level 1 of the Swamp
 23926 | Spider:1 | Identified a scroll of acquirement
 23926 | Spider:1 | Acquired 723 gold pieces
 24090 | D:5      | Bought the ring "Agaitrikk" {rN+ rCorr Int+6} for 828 gold
                  | pieces
 25106 | Spider:2 | Identified the +0 leather armour of Refuge {rPois Str+5}
 25563 | Spider:3 | Reached skill level 20 in Spellcasting
 25802 | Spider:3 | Noticed Arachne
 25827 | Spider:3 | Killed Arachne
 26601 | Spider:4 | Entered Level 4 of the Spider Nest
 26713 | Spider:4 | Reached XP level 17. HP: 111/121 MP: 0/0
 26713 | Spider:4 | Learned a level 7 spell: Summon Hydra
 27508 | Spider:4 | Reached skill level 21 in Spellcasting
 27775 | Spider:4 | Got a gossamer rune of Zot
 28252 | Swamp:1  | Reached skill level 5 in Dodging
 28373 | Swamp:1  | Reached XP level 18. HP: 53/130 MP: 0/0
 29349 | D:11     | Killed mumon's ghost
 29503 | D:13     | Noticed Erolcha
 29515 | D:13     | Killed Erolcha
 29734 | D:13     | Found an iron altar of Okawaru.
 29983 | D:14     | Acquired 805 gold pieces
 30213 | D:14     | Found a bloodstained altar of Trog.
 30559 | D:14     | Found a gate to the Vaults.
 30873 | D:15     | Entered Level 15 of the Dungeon
 31160 | D:15     | Reached skill level 1 in Long Blades
 31223 | D:15     | Found a staircase to the Depths.
 31252 | D:15     | Reached skill level 22 in Spellcasting
 31855 | D:15     | Noticed Louise
 31867 | D:15     | Killed Louise
 31891 | D:15     | Found a portal to a secret trove of treasure.
 32344 | Swamp:3  | Found a basalt altar of Yredelemnul.
 32568 | Swamp:3  | Reached XP level 19. HP: 85/138 MP: 0/0
 32568 | Swamp:3  | Learned a level 6 spell: Iron Shot
 33102 | Swamp:2  | Found a runed translucent door.
 33117 | Swamp:2  | Noticed BobbyCarnage's ghost (adept DsGl)
 33692 | Swamp:2  | Acquired 698 gold pieces
 33883 | D:9      | Killed ytrimaz's ghost
 34178 | Swamp:2  | Killed BobbyCarnage's ghost
 34240 | Swamp:4  | Entered Level 4 of the Swamp
 34384 | Swamp:4  | Noticed Kirke
 34392 | Swamp:4  | Killed Kirke
 34434 | Swamp:4  | Got a decaying rune of Zot
 34512 | Swamp:4  | Reached skill level 23 in Spellcasting
 35322 | Vaults:1 | Entered Level 1 of the Vaults
 35992 | Vaults:1 | Reached XP level 20. HP: 131/146 MP: 0/0
 36834 | Vaults:2 | Found a staircase to the Crypt.
 37994 | Vaults:2 | Reached skill level 24 in Spellcasting
 38164 | Vaults:2 | Identified the +4 dagger of Ignis's Outrage {freeze, Contam
                  | rC+ Dex+5}
 38404 | Depths:1 | Entered Level 1 of the Depths
 38594 | Depths:1 | Noticed a tentacled monstrosity
 38599 | Depths:1 | Killed a tentacled monstrosity
 38951 | Slime:1  | Found a viscous altar of Jiyva.
 39279 | Elf:1    | Killed Donald
 39309 | Elf:1    | Noticed Aizul
 39338 | Elf:1    | Killed Aizul
 39462 | Elf:1    | Reached XP level 21. HP: 141/154 MP: 0/0
 39462 | Elf:1    | Learned a level 8 spell: Summon Horrible Things
 39513 | Elf:1    | Noticed Frances
 39517 | Elf:1    | Killed Frances
 39519 | Elf:1    | Paralysed by an air elemental for 1 turns
 39642 | Elf:1    | Reached skill level 15 in Fighting
 40089 | Elf:1    | Identified the +7 chain mail of Grace {rPois Int+6 Slay+2}
 40736 | Elf:2    | Found a huge runed translucent gate.
 40736 | Elf:2    | Found a huge runed translucent gate.
 40736 | Elf:2    | Found a huge runed translucent gate.
 40736 | Elf:2    | Found a huge runed translucent gate.
 41010 | Elf:2    | Reached skill level 25 in Spellcasting
 41321 | Elf:2    | Found a huge runed translucent gate.
 41453 | Elf:3    | Entered Level 3 of the Elven Halls
 41500 | Elf:3    | Found a magical portal.
 41509 | WizLab   | Entered Iskenderun's Mystic Tower
 43180 | WizLab   | Reached XP level 22. HP: 158/163 MP: 0/0
 44096 | Elf:3    | Identified the +1 robe of Salatemn {Rampage Dex+2 SInv}
 44096 | Elf:3    | Identified the ring "Zess" {rElec rPois rCorr Str-2 SInv}
 44148 | Elf:3    | Identified the ring of the Two Names {Ice Dex+2}
 44418 | Elf:3    | Identified the +1 robe "Qujoera" {Str-4 Dex+2 Archmagi}
 44553 | Elf:3    | Identified the ring of Desertification {rN+ Int+7}
 44668 | Elf:3    | Identified the +6 shortbow of Cocytus {venom, SInv}
 44726 | Elf:3    | Identified the ring "Efedeits" {Str+6 Int+7}
 44823 | Elf:3    | Identified the +6 plate armour of the Lost Stars {Int+4
                  | Dex+2 Slay+2}
 45586 | Vaults:3 | Reached skill level 26 in Spellcasting
 46168 | Vaults:3 | Noticed Mara
 46179 | Vaults:3 | Noticed oldriver's illusion
 46857 | Vaults:3 | Upgraded the game from 0.28-a0-845-gfc338a8e3c to
                  | 0.28-a0-850-g09de17f5b5
 46917 | Vaults:4 | Reached XP level 23. HP: 160/170 MP: 0/0
 46917 | Vaults:4 | Learned a level 7 spell: Storm Form
 47047 | Vaults:4 | Found Jailiar's Weapon Boutique.
 47055 | Vaults:4 | Found Maime's Armour Shop.
 47680 | Vaults:4 | Found Rotroes's Antique Weapon Shoppe.
 47954 | Vaults:4 | Found Rexas's Antique Weapon Boutique.
 48979 | Depths:1 | Found a gateway to a ziggurat.
 49269 | Depths:1 | Reached skill level 27 in Spellcasting
 49724 | Depths:1 | Found a gateway to Hell.
 49789 | Depths:2 | Noticed Asterion
 49797 | Depths:2 | Killed Asterion
 50291 | Slime:2  | Gained mutation: Armour fits poorly on your strangely
                  | shaped body. [a shining eye]
 50535 | Slime:3  | Gained mutation: You are clumsy. (Dex -2) [a shining eye]
 50649 | Slime:4  | Gained mutation: You are dopey. (Int -2) [a shining eye]
 50796 | Slime:3  | Reached XP level 24. HP: 94/180 MP: 0/0
 50975 | Slime:2  | Gained mutation: You are very dopey. (Int -4) [a shining
                  | eye]
 50977 | Slime:2  | Gained mutation: You are weak. (Str -2) [a shining eye]
 51307 | Slime:1  | Lost mutation: You are weak. (Str -2) [potion of mutation]
 51307 | Slime:1  | Lost mutation: You are clumsy. (Dex -2) [potion of
                  | mutation]
 51307 | Slime:1  | Lost mutation: You are very dopey. (Int -4) [potion of
                  | mutation]
 51307 | Slime:1  | Gained mutation: You are weak. (Str -2) [potion of
                  | mutation]
 51307 | Slime:1  | Gained mutation: Your body sometimes deteriorates upon
                  | taking damage. [potion of mutation]
 51307 | Slime:1  | Lost mutation: You are dopey. (Int -2) [potion of mutation]
 51308 | Slime:1  | Lost mutation: Armour fits poorly on your strangely shaped
                  | body. [potion of mutation]
 51308 | Slime:1  | Lost mutation: You are weak. (Str -2) [potion of mutation]
 51308 | Slime:1  | Gained mutation: You are frail. (-10% HP) [potion of
                  | mutation]
 51308 | Slime:1  | Gained mutation: Your movements are slightly less
                  | encumbered by armour. (ER -2) [potion of mutation]
 51309 | Slime:1  | Lost mutation: Your movements are slightly less encumbered
                  | by armour. (ER -2) [potion of mutation]
 51309 | Slime:1  | Lost mutation: Your body sometimes deteriorates upon taking
                  | damage. [potion of mutation]
 51309 | Slime:1  | Gained mutation: You are agile. (Dex +2) [potion of
                  | mutation]
 51446 | Slime:1  | Lost mutation: You are frail. (-10% HP) [potion of
                  | mutation]
 51446 | Slime:1  | Lost mutation: You are agile. (Dex +2) [potion of mutation]
 51446 | Slime:1  | Gained mutation: You are resistant to electric shocks.
                  | (rElec) [potion of mutation]
 51963 | Depths:2 | Found a one-way gate leading to the halls of Pandemonium.
 52161 | Depths:2 | Reached skill level 5 in Stealth
 52740 | Depths:2 | Noticed a caustic shrike
 52745 | Depths:2 | Killed a caustic shrike
 52772 | Depths:2 | Noticed a juggernaut
 52791 | Depths:2 | Reached skill level 1 in Evocations
 52791 | Depths:2 | Killed a juggernaut
 52792 | Depths:2 | Reached skill level 5 in Shields
 52887 | Depths:2 | Identified the +5 scythe of the Invisible Seas {flame,
                  | rF+++ rC++ Int-2}
 52897 | Depths:2 | Identified the ring "Hiqax" {Fly rC+ Slay+2}
 52900 | Depths:2 | Identified the ring of Ifui {Drain rC++ rCorr Dex+2}
 52956 | Depths:2 | Identified the +4 rapier of Sulphur {freeze, Will+++ MP+9
                  | Dex-2 SInv}
 52956 | Depths:2 | Identified the +3 scale mail "Roklaudd" {rElec rF- Int+4
                  | Dex+3}
 53031 | Depths:2 | Identified the +3 long sword of Triumph {spect, rPois Str+2
                  | Dex+7}
 53196 | Depths:2 | Reached skill level 10 in Dodging
 53506 | Vaults:4 | Bought a fine flail for 306 gold pieces
 53506 | Vaults:4 | Identified the +10 flail of Exchange {freeze, Str+2} (You
                  | bought it in a shop on level 4 of the Vaults)
 54412 | Depths:3 | Upgraded the game from 0.28-a0-850-g09de17f5b5 to
                  | 0.28-a0-851-g8b9cc49659
 54412 | Depths:3 | Upgraded the game from 0.28-a0-851-g8b9cc49659 to
                  | 0.28-a0-861-ge64d6db94f
 54412 | Depths:3 | Upgraded the game from 0.28-a0-861-ge64d6db94f to
                  | 0.28-a0-863-g8cecda6153
 54434 | Depths:3 | Noticed Margery
 54454 | Depths:3 | Killed Margery
 54461 | Depths:3 | Reached XP level 25. HP: 138/189 MP: 0/0
 54461 | Depths:3 | Learned a level 8 spell: Borgnjor's Revivification
 54873 | Depths:3 | Noticed a caustic shrike
 54881 | Depths:3 | Killed a caustic shrike
 55423 | Depths:3 | Found a one-way gate to the infinite horrors of the Abyss.
 55853 | Depths:4 | Entered Level 4 of the Depths
 56034 | Depths:4 | Found a gate to the Realm of Zot.
 57160 | Vaults:5 | Entered Level 5 of the Vaults
 57607 | Slime:3  | Gained mutation: You are clumsy. (Dex -2) [a shining eye]
 58159 | Slime:5  | Entered Level 5 of the Pits of Slime
 58349 | Slime:5  | Reached XP level 26. HP: 184/197 MP: 0/0
 58537 | Slime:5  | Found a viscous altar of Jiyva.
 58822 | Slime:5  | Noticed the Royal Jelly
 59669 | Slime:1  | Gained mutation: Armour fits poorly on your strangely
                  | shaped body. [a shining eye]
 59670 | Slime:1  | Gained mutation: You tend to lose your temper in combat. [a
                  | shining eye]
 60318 | Vaults:4 | HP: 7/198 [vault guard (13)]
 60318 | Vaults:4 | HP: 3/198 [vault guard (4)]
 60318 | Vaults:4 | Slain by a vault guard

Illustrated notes

Levels and vault maps discovered:
D:1:      lightli_arrival_windingriver, layout_rooms,
          shapermc_ecumenical_altar_mp_ritualfount, st_stairs_10
D:2:      layout_loops_ring
D:3:      layout_loops_ring, serial_shops, shop_statue
D:4:      layout_loops_corners, nicolae_overflow_hidden_temple, temple_doors_e
D:5:      layout_rooms, serial_shops, nicolae_square_shop, shop,
          nicolae_shop_statue_plus
D:6:      layout_loops_ring, jmf_multi_god_temple,
          yredelemnul_forgotten_temple_becter, serial_undead, serial_undead_b,
          serial_undead_a, serial_undead_f, serial_undead_e,
          chequers_serial_rivers_micro_e
D:7:      layout_loops_cross, mainiacjoe_overflow_24_doors,
          nicolae_gozag_seed_capital, item_on_display_a, uniq_pikel
D:8:      layout_cave_pools, nicolae_ossuary_entry_ruins, nicolae_stop_n_shop_1,
          uniq_gastronok
D:9:      layout_roguey, ebering_ghost_inner_flame
D:10:     layout_loops_ring, lemuel_crystal_altar, minmay_lair_entry_grove
D:11:     layout_cave_pools, serial_column_ruins, column_ruins_temple_circle,
          column_ruins_hut, column_ruins_corridor_straight,
          column_ruins_open_medium, column_ruins_open_medium_water,
          column_ruins_grid_1, column_ruins_grid_1, column_ruins_grid_1,
          serial_shops, nicolae_shop_crystal, hellmonk_ghost_happy_afterlife,
          minmay_evil_grid, uniq_psyche, uniq_nergalle
D:12:     gammafunk_boulding_lane, layout_cave_pods, orc_0_dummy, uniq_jorgrun
D:13:     layout_big_octagon, okawaru_altar_gauntlet_db, uniq_erolcha
D:14:     layout_loops_ring, erik_vaults_2, tgw_trog
D:15:     hangedman_depths_entry_civil_slaughter, layout_irregular_city,
          nicolae_trove_entry_crystal, uniq_louise
Temple:   nicolae_temple_hex_pool
Lair:1:   layout_long_grid, st_stairs_11, roderic_batcave
Lair:2:   layout_long_grid, spider_nest_entry_rubble
Lair:3:   layout_hall_layers, minmay_swamp_entry_reptiles, serial_rivers,
          chequers_serial_rivers_micro_d, chequers_serial_rivers_small_a,
          chequers_serial_rivers_micro_c, chequers_serial_rivers_small_b,
          chequers_serial_rivers_micro_b, chequers_serial_rivers_small_3,
          special_room [special_room_bee]
Lair:4:   layout_cave_pods, serial_bayou_shore_a
Lair:5:   layout_cave_pods, amcnicky_mini_pool_medium, grunt_megastairs_1
Lair:6:   cheibrodos_lair_end_hotspot, layout_gridlike, slime_altar_1,
          infiniplex_staircase_pool_2
Swamp:1:  layout_basic_swamp, evilmike_swamp_ruin_house_2
Swamp:2:  layout_falls_marsh, gammafunk_ghost_grave,
          evilmike_swamp_ruin_house_5, infiniplex_staircase_pool
Swamp:3:  layout_basic_swamp, basic_altar, grunt_witch_cave
Swamp:4:  grunt_swamp_rune_castle, layout_basic_swamp, swamp_pool3,
          hangedman_swamp_pad, roderic_carrion_pond, uniq_kirke
Spider:1: layout_spider_delve
Spider:2: layout_chambers
Spider:3: layout_chambers, uniq_arachne
Spider:4: floodkiller_spider_rune_tomb
Slime:1:  layout_caves, basic_altar
Slime:2:  layout_caves
Slime:3:  layout_caves
Slime:4:  layout_caves, nicolae_slime_barrier
Slime:5
Orc:1:    layout_caves, serial_shops, nicolae_diamond_shop, shop_fountains
Orc:2:    kennysheep_orc_mage_school, layout_diamond_mine, serial_shops, shop
Elf:1:    nicolae_elf_arrival_fired_up, layout_rooms, special_room
          [special_room_mythical_zoo], basic_altar,
          portal_ice_cave_entry_ice_simulacra, minmay_elf_sorcery, uniq_frances,
          uniq_aizul, uniq_donald
Elf:2:    elven_hall_of_blades_hangedman_alternative
          [infiniplex_blade_entry_pillars], layout_geoelf_diagonals,
          einodemon_barbed_minivault
Elf:3:    elf_hall, layout_gridlike, basic_altar, mu_enter_wizlab_6
Vaults:1: v_misc_24, v_misc_23, v_alt_pattern_3,
          nicolae_vaults_bisected_exclaves, v_misc_27, layout_vaults_quadrants
Vaults:2: nicolae_vaults_little_ls, grunt_vaults_swirl, grunt_vaults_focal,
          blue_anna_dwarven_crypt, vaults_dpeg_doors, v_misc_25,
          nicolae_vaults_diagonal_hallway_7, st_lattice, v_pattern_2,
          vaults_standard_mumra_x, hangedman_vaults_nodes, v_misc_1,
          nicolae_vaults_network_periphery, ontoclasm_vaults_fault,
          ontoclasm_vaults_hangar, layout_vaults_maze
Vaults:3: nicolae_vaults_little_squares_1, vaults_room_stairs_pillars,
          v_misc_32, v_pattern_5, hangedman_vaults_restitches,
          ontoclasm_vaults_eye, nicolae_vaults_big_angled_halls,
          vaults_mumra_hexcomb, dpeg_vaults_monster_box, vaults_mumra_chevron,
          layout_vaults_ring, uniq_mara
Vaults:4: v_misc_25, nicolae_vaults_what_the_h, v_alt_pattern_4,
          vaults_mumra_bighexcomb, vaults_room_semicircle,
          grunt_vaults_hallway_long, grunt_vaults_trifunnel, vaults_mumra_lcd,
          ontoclasm_vaults_claustrophobia, v_misc_23,
          nicolae_vaults_hallways_thing, hangedman_vaults_slice,
          layout_vaults_omnibox, serial_shops, shop, shop, shop,
          nicolae_shop_trees
Vaults:5
Depths:1: layout_forbidden_donut, enter_ziggurat_c,
          hangedman_decor_clover_reticule, hangedman_geh_valley,
          nrook_mini_backslash, kennysheep_kite_vault
Depths:2: hangedman_pleasuredromes, hell_entry, pan_entry, uniq_asterion
Depths:3: minmay_the_grid_octo_tiled_squarecenter_mashed
          [minmay_the_grid_octo_toaster, minmay_the_grid_octo_tetromino_candy,
          minmay_the_grid_octo_fat_diamond, minmay_the_grid_octo_clover,
          minmay_the_grid_square_5x5_megaprize_crossed,
          minmay_the_grid_square_5x5_three_walls,
          minmay_the_grid_square_5x5_tie, minmay_the_grid_square_5x5_forky,
          minmay_the_grid_square_5x5_longway], layout_honeycomb, abyss_entry,
          hell_entry, uniq_margery
Depths:4: grunt_zot_entry_tricorne, layout_cave_pools, hex_tiny, hell_entry,
          abyss_entry

Skill      XL: |  1  2  3  4  5  6  7  8  9 10 11 12 13 14 15 16 17 18 19 20 21 22 23 24 25 |
---------------+----------------------------------------------------------------------------+-----
Spellcasting   | 3 4 5 6 7 9 11 13 14 16 17 19 20 21 22 23 24 25 26 27 | 27.0
Fighting       | 1 2 4 5 6 7 8 9 11 12 13 14 15 16 17 18 19 | 19.4
Stealth        | 2 3 4 6 7 |  7.9
Dodging        | 3 4 5 6 10 14 | 14.5
Shields        | 1 2 3 6 8 |  8.5
Long Blades    | 1 |  1.4
Evocations     | 1 |  1.8
Staves         | |  0.1
Throwing       | |  0.1

Action                   |  1- 3 |  4- 6 |  7- 9 | 10-12 | 13-15 | 16-18 | 19-21 | 22-24 | 25-27 || total
-------------------------+-------+-------+-------+-------+-------+-------+-------+-------+-------++-------
Melee: Dagger            |       |     1 |     1 |       |       |       |       |     4 |     1 ||     7
       Falchion          |       |       |     5 |     4 |     4 |    25 |     1 |       |       ||    39
 Cast: Shock             |    73 |    89 |   212 |   151 |    76 |    17 |     8 |     3 |       ||   629
       Slow              |       |     9 |    24 |    23 |    45 |     8 |     1 |       |       ||   110
       Static Discharge  |       |       |    36 |    43 |   157 |    57 |    13 |     6 |    10 ||   322
       Airstrike         |       |       |    10 |   197 |   472 |   684 |   661 |   678 |   388 ||  3090
       Summon Ice Beast  |       |       |       |    48 |    85 |    85 |    45 |    11 |       ||   274
       Silence           |       |       |       |     1 |       |     2 |       |       |       ||     3
       Ensorcelled Hiber |       |       |       |     2 |    12 |       |       |       |       ||    14
       Agony             |       |       |       |       |     1 |       |       |       |       ||     1
       Death Channel     |       |       |       |       |    25 |    81 |    67 |    56 |    33 ||   262
       Swiftness         |       |       |       |       |       |     1 |       |       |     1 ||     2
       Summon Hydra      |       |       |       |       |       |    87 |   232 |   202 |    53 ||   574
       Iron Shot         |       |       |       |       |       |       |    82 |   135 |    65 ||   282
       Summon Horrible T |       |       |       |       |       |       |     7 |    45 |    38 ||    90
       Storm Form        |       |       |       |       |       |       |       |     1 |       ||     1
Evoke: Wand              |       |       |       |       |       |       |       |     1 |       ||     1
       Piece from Xom's  |       |       |       |       |       |       |       |     1 |       ||     1
  Use: Scroll            |       |       |     8 |     8 |     3 |    21 |     5 |     2 |     3 ||    50
       Potion            |       |       |       |     3 |     1 |     4 |     6 |     6 |     6 ||    26
 Stab: Distracted        |       |       |       |       |       |     2 |       |       |       ||     2
Armor: Robe              |     2 |     3 |    24 |    40 |    83 |   147 |    25 |    36 |    38 ||   398
Dodge: Dodged            |    13 |    12 |    34 |    42 |   128 |   153 |    56 |    86 |   122 ||   646
Block: Other             |       |       |     5 |    14 |    49 |    53 |     1 |       |       ||   122
       Reflection        |       |       |       |     3 |     3 |     7 |     8 |    11 |     4 ||    36
       Buckler           |       |       |       |       |       |       |    44 |    76 |   112 ||   232

Table legend: (Time is in decaauts)
 A = Elapsed time spent in this place.
 B = Non-inter-level travel time spent in this place.
 C = Inter-level travel time spent in this place.
 D = Time resting spent in this place.
 E = Time spent auto-exploring this place.
 F = Levels seen in this place.
 G = Mean time per level.
                   A        B        C        D        E       F      G
               +--------+--------+--------+--------+--------+-----+--------+
         Total |  60534 |  52260 |   8274 |   8410 |  29966 |  51 | 1186.9 |
       Dungeon |  17997 |  14829 |   3168 |   2820 |   9168 |  15 | 1199.8 |
        Temple |     74 |     66 |      8 |      0 |     56 |   1 |   74.0 |
          Lair |   8423 |   6264 |   2159 |    748 |   4292 |   6 | 1403.8 |
         Swamp |   3843 |   3383 |    460 |    374 |   2082 |   4 |  960.8 |
   Spider Nest |   4811 |   4363 |    448 |    324 |   2812 |   4 | 1202.8 |
    Slime Pits |   3952 |   3670 |    282 |    794 |   1509 |   5 |  790.4 |
  Orcish Mines |   1797 |   1695 |    102 |    106 |   1045 |   2 |  898.5 |
   Elven Halls |   4016 |   3852 |    164 |    494 |   2117 |   3 | 1338.7 |
        Vaults |   7204 |   6221 |    983 |    862 |   3517 |   5 | 1440.8 |
        Depths |   6345 |   5847 |    498 |   1116 |   2895 |   4 | 1586.2 |
       Ossuary |    320 |    320 |      0 |      7 |    163 |   1 |  320.0 |
        Wizlab |   1746 |   1746 |      0 |    765 |    310 |   1 | 1746.0 |
               +--------+--------+--------+--------+--------+-----+--------+

Top non-repeatable levels by time:
Vaults:4: 1955 daAuts
Depths:1: 1888 daAuts
    D:12: 1806 daAuts
Vaults:3: 1799 daAuts
   Elf:3: 1761 daAuts
  WizLab: 1746 daAuts
Vaults:1: 1742 daAuts
Depths:2: 1729 daAuts
     D:4: 1696 daAuts
Vaults:2: 1696 daAuts
Depths:3: 1658 daAuts
  Lair:3: 1614 daAuts
  Lair:6: 1584 daAuts
    D:11: 1519 daAuts
  Lair:5: 1443 daAuts
